 Dungeon Crawl Stone Soup version 0.32-a0-876-gcfddb08e57 (webtiles) character file.

Game seed: 4637330853478109592

243796 pokedragonboy the Metallomancer (level 19, 0/107 HPs)
             Began as a Gargoyle Earth Elementalist on Apr 1, 2024.
             Was the Champion of Vehumet.
             Slain by a merfolk
             ... wielding a +0 trident
              (10 damage)
             ... on level 3 of the Shoals on Apr 2, 2024.
             The game lasted 03:00:09 (42830 turns).

pokedragonboy the Metallomancer (GrEE)             Turns: 42830, Time: 03:00:10

Health: 0/107      AC: 29    Str: 15    XL:     19   Next: 88%
Magic:  32/39      EV: 11    Int: 28    God:    Vehumet [******]
Gold:   1568       SH:  0    Dex: 16    Spells: 5/51 levels left

rFire   + . .        b - staff of conjuration
rCold   + . .        M - orb {*channel}
rNeg    + + +        x - +2 steam dragon scales
rPois   ∞            p - +1 helmet of the Slorg {rF+ Dex+3}
rElec   +            J - +1 cloak {rCorr}
rCorr   +            T - +1 pair of gloves {Dex+3}
SInv    .            t - +1 pair of boots
Will    +....        P - amulet of the Muttering Gods {Acrobat *Slow rPois Int+9 Slay+3}
Stlth   ++           O - ring "Ycea" {rC+ rN++ rCorr Int-2 Stlth+}
HPRegen 0.37/turn    Y - ring of willpower
MPRegen 0.26/turn

%: random rage (3%), slow self (1%), acrobat, channel magic (20%)
@: lit by a corona, about to teleport, weak-willed, spiked, flying, mesmerised,
glowing
A: sickness immunity, AC +14, big wings, negative energy resistance 1,
electricity resistance, torment resistance 1, petrification resistance, berserk
1
}: 1/15 runes: gossamer
a: Renounce Religion


You were on level 3 of the Shoals.
You worshipped Vehumet.
Vehumet was exalted by your worship.
You visited 6 branches of the dungeon, and saw 30 of its levels.
You visited the Abyss 1 time.
You also visited: Ossuary, Bailey and Volcano.

You collected 2556 gold pieces.
You spent 988 gold pieces at shops.

Inventory:

Hand Weapons
 a - the +10 morningstar "Eos" {elec, Halo rElec}
   (You found it on level 5 of the Lair of Beasts)

   Halo:      It grants its wielder a halo, revealing invisible creatures and
   increasing accuracy against all within it other than the wielder.
   rElec:     It insulates you from electricity.
Armour
 p - the +1 helmet of the Slorg (worn) {rF+ Dex+3}
   (You found it on level 2 of the Lair of Beasts)

   Dex+3:     It affects your dexterity (+3).
   rF+:       It protects you from fire.
 t - a +1 pair of boots (worn)
 x - +2 steam dragon scales (worn)
 J - a +1 cloak of preservation (worn)
 M - an orb of energy (worn)
 T - a +1 pair of gloves of dexterity (worn)
Magical Staves
 b - a staff of conjuration (weapon)
Jewellery
 r - a ring of magical power
 A - a +5 ring of evasion
 O - the ring "Ycea" (left hand) {rC+ rN++ rCorr Int-2 Stlth+}
   (You acquired it on level 11 of the Dungeon)

   [ring of resist corrosion]

   Int-2:     It affects your intelligence (-2).
   rC+:       It protects you from cold.
   rN++:      It greatly protects you from negative energy.
   rCorr:     It protects you from acid and corrosion.
   Stlth+:    It makes you more stealthy.
 P - the amulet of the Muttering Gods (around neck) {Acrobat *Slow rPois Int+9 Slay+3}
   (You found it in a bailey)

   [amulet of the acrobat]

   Acrobat:   It increases your evasion while moving and waiting.
   Int+9:     It affects your intelligence (+9).
   Slay+3:    It affects your accuracy & damage with ranged weapons and melee
   (+3).
   rPois:     It protects you from poison.
   *Slow:     It may slow you when you take damage.
 U - an amulet of reflection
 Y - a ring of willpower (right hand)
Wands
 d - a wand of quicksilver (23)
 m - a wand of roots (13)
 o - a wand of flame (21)
 w - a wand of charming (15)
 S - a wand of polymorph (10)
 W - a wand of mindburst (8)
Scrolls
 c - a scroll of acquirement
 e - 5 scrolls of immolation
 i - 9 scrolls of teleportation
 j - 5 scrolls of poison
 l - 5 scrolls of fear
 s - a scroll of blinking
 v - 2 scrolls of revelation
 C - 5 scrolls of noise
 G - 2 scrolls of butterflies
 H - 2 scrolls of torment
 L - 6 scrolls of fog
 N - 2 scrolls of vulnerability
Potions
 f - 11 potions of curing
 h - 5 potions of enlightenment
 k - 3 potions of invisibility
 n - 3 potions of cancellation
 q - 6 potions of haste
 u - 3 potions of resistance
 z - 2 potions of might
 B - 8 potions of ambrosia
 E - 7 potions of brilliance
 F - 5 potions of attraction
 K - a potion of magic
 R - 3 potions of lignification
 V - a potion of mutation
Miscellaneous
 X - a tin of tremorstones (2/2)
 Z - a phantom mirror


   Skills:
 - Level 8.0 Fighting
 - Level 5.0 Staves
 - Level 1.5 Dodging
 - Level 2.1 Stealth
 - Level 0.3 Unarmed Combat
 + Level 16.9 Spellcasting
 + Level 19.6 Conjurations
 + Level 22.0 Earth Magic
 - Level 9.0 Alchemy


You had 5 spell levels left.
You knew the following spells:

 Your Spells              Type           Power      Damage    Failure   Level
a - Sandblast             Erth           100%       2d20      1%          1
b - Passwall              Erth           98%        N/A       1%          3
c - Bombard               Conj/Erth      59%        9d10      1%          6
d - Brom's Barrelling Bo  Conj/Erth      100%       2d11      1%          4
e - Iskenderun's Mystic   Conj/Tloc      87%        2d17      (+2d91%     4
f - Fulminant Prism       Conj/Alch      51%        3d22      1%          4
g - Petrify               Alch/Erth      84%        N/A       1%          4
h - Lehudib's Crystal Sp  Conj/Erth      59%        10d14     2%          8
i - Orb of Destruction    Conj           58%        9d14      1%          7
r - Lee's Rapid Deconstr  Erth           49%        3d23*     1%          5

Your spell library contained the following spells:

 Spells                   Type           Power      Damage    Failure   Level
 Ozocubu's Refrigeration  Ice            11%        4d10      99%         7
 Foxfire                  Conj/Fire      100%       2x1d9     1%          1
 Kiss of Death            Conj/Necr      100%       2d13      1%          1
 Hailstorm                Conj/Ice       87%        3d14      1%          3
 Stone Arrow              Conj/Erth      100%       3d13      1%          3
 Leda's Liquefaction      Alch/Erth      42%        N/A       1%          4
 Arcjolt                  Conj/Air       43%        1d53      1%          5
 Freeze                   Ice            92%        1d9       2%          1
 Animate Armour           Summ/Erth      100%       N/A       2%          4
 Frozen Ramparts          Ice            46%        1d7       4%          3
 Volatile Blastmotes      Fire/Tloc      46%        2d13      4%          3
 Yara's Violent Unravell  Hex/Alch       24%        3d11      6%          5
 Slow                     Hex            92%        N/A       8%          1
 Summon Small Mammal      Summ           92%        N/A       8%          1
 Call Imp                 Summ           46%        N/A       11%         2
 Ensorcelled Hibernation  Hex/Ice        46%        N/A       11%         2
 Call Canine Familiar     Summ           23%        N/A       17%         3
 Confusing Touch          Hex            23%        N/A       17%         3
 Fugue of the Fallen      Necr           23%        N/A       17%         3
 Summon Ice Beast         Ice/Summ       23%        N/A       17%         3
 Tukima's Dance           Hex            23%        N/A       17%         3
 Vampiric Draining        Necr           23%        2d7       17%         3
 Anguish                  Hex/Necr       11%        N/A       41%         4
 Animate Dead             Necr           23%        N/A       41%         4
 Maxwell's Portable Pile  Tloc           23%        2d(8-16)  41%         4
 Passage of Golubria      Tloc           23%        N/A       41%         4
 Summon Blazeheart Golem  Fire/Summ      23%        N/A       41%         4
 Summon Lightning Spire   Summ/Air       23%        N/A       41%         4
 Silence                  Hex/Air        11%        N/A       71%         5
 Summon Mana Viper        Hex/Summ       23%        N/A       71%         5
 Permafrost Eruption      Ice/Erth       35%        2x4d8     3%          6
 Conjure Ball Lightning   Conj/Air       43%        3x3d15    4%          6
 Starburst                Conj/Fire      43%        6d12      4%          6
 Plasma Beam              Fire/Air       11%        2x1d22    71%         6
 Death Channel            Necr           11%        N/A       99%         6
 Haunt                    Necr/Summ      11%        N/A       100%        7
 Monstrous Menagerie      Summ           11%        N/A       100%        7
 Summon Hydra             Summ           11%        N/A       100%        7
 Infestation              Necr           11%        N/A       100%        8
 Maxwell's Capacitive Co  Air            11%        ∞         100%        8
 Sublimation of Blood     Necr           Unusable   N/A       N/A         2

Dungeon Overview and Level Annotations

Branches:
Dungeon (15/15)            Temple (1/1) D:5            Lair (5/5) D:11
 Shoals (3/4) Lair:2       Spider (4/4) Lair:2        Slime (0/5) Lair:4
    Orc (2/2) D:11            Elf (0/3) Orc:2        Vaults (0/5) D:13
 Depths (0/4) D:15        Ossuary (visited)          Bailey (visited)
Volcano (visited)

Altars:
Ashenzari
Dithmenos
Elyvilon
Fedhas
Gozag
Hepliaklqana
Kikubaaqudgha
Makhleb
Nemelex Xobeh
Okawaru
Qazlal
Ru
Sif Muna
Trog
Uskayaw
Vehumet
Wu Jian
Xom
Yredelemnul
Zin
The Shining One

Shops:
D:6 [   Orc:2 ([*:   Shoals:1 (

Portals:
Trove: D:13 (give +4 ice dragon scales)

Annotations:
D:6 3 runed translucent doors, Vadun's ghost, novice TeGl
D:8 3 runed translucent doors, Fractals's ghost, novice MDMo


Innate Abilities, Weirdness & Mutations

You are immune to sickness and miasma.
Your stone body is resilient. (AC +14)
You are immune to poison.
Your large and strong wings let you fly.
You resist negative energy. (rN+)
You are resistant to electric shocks. (rElec)
You are resistant to unholy torment.
You are immune to petrification.
You sometimes lose your temper in combat.


Message History

The faun shoots a sling bullet.
The sling bullet hits your fulminant prism!!
Your fulminant prism detonates feebly.
Unknown command.
Casting: Fulminant Prism (safe; 1% risk of failure)
Confirm with . or Enter, or press ? or * to list all spells.
Aiming: Fulminant Prism (safe; 1% risk of failure)
Press: ? - help, Dir - move target You feel a surge of power!
You conjure a prism of explosive energy!
Magical energy flows into your mind!
A fulminant prism comes into view.
The pull of its song draws you forwards.
A sea snake comes into view.
The manticore flicks its tail.
The volley of spikes skewers you but does no damage.
The satyr shoots an arrow.
The arrow hits you!
* * * LOW HITPOINT WARNING * * *
The faun shoots a sling bullet.
The sling bullet misses you.
You feel better.
The merfolk hits you from afar with a +0 trident.
* * * LOW HITPOINT WARNING * * *
The sea snake bites you.
* * * LOW HITPOINT WARNING * * *
The manticore flicks its tail.
The volley of spikes skewers you!
Barbed spikes become lodged in your body.
* * * LOW HITPOINT WARNING * * *
The faun shoots a sling bullet.
The sling bullet hits your fulminant prism!
The merfolk barely misses you.
The merfolk avatar chants its luring song.
Your fulminant prism crackles loudly.
Blink to where?
Press: ? - help, Dir - move target, f - you
Okay, then.
As you read the scroll of teleportation, it crumbles to dust.
You feel strangely unstable.
The merfolk hits you from afar with a +0 trident!
You die...

.....~~................
#.....~~~~.##..~........
...##.......#..~~.......
...##..~.).....~~~.....<
~~....~~~~..............
~~..c~~~~~~~~~....###...
~~..H*~~~~~~~~~~..###...
~~~~cS~).~~~~~~~..##....
,~~~c)m~@~~~≈≈~~~........
~~~c~~~S~~≈~~~~~........
~~~~~~.Hm~~~.....~~~~~~~~
~~~~~...~~~.##..~~~~~~~~
~~....Em..~~...~~~~~~~≈≈
~.........~~..~~~~≈≈≈≈≈≈
~~...#....~~~~~~~~≈≈≈≈≈≈
.~~~.....~~~~~~~~~≈≈≈≈≈≈
~~~≈≈≈≈≈≈≈


You could see a merfolk avatar (mesmerising), a satyr, 2 sea snakes, 2 merfolk,
3 fauns, 2 manticores, a water elemental and a friendly fulminant prism.

Vanquished Creatures
  Mlioglotl (Shoals:2)
  Frances (D:12)
  A tentacled starspawn (Abyss:2)
  Kirke (Lair:4)
  Aizul (Spider:4)
  7 emperor scorpions
  A deep elf elementalist (Abyss:1)
  4 ghost moths
  An ironbound preserver (D:13)
  A stone giant (Volcano)
  3 orc warlords
  A broodmother (Spider:2)
  A very ugly thing (D:15)
  6 spark wasps
  A dire elephant (Lair:5)
  Azrael (D:15)
  An ettin (D:12)
  A merfolk impaler (Shoals:3)
  4 entropy weavers
  Erolcha (Orc:2)
  A rakshasa (D:15)
  8 hydras
  4 centaur warriors
  A merfolk avatar (Shoals:1)
  4 jorogumos
  A satyr (Shoals:2)
  4 catoblepae (Lair:5)
  11 death yaks
  6 two-headed ogres
  3 tengu warriors
  5 radroaches
  9 boulder beetles
  8 demonic crawlers
  An occultist (D:12)
  A thrashing horror (Abyss:2)
  Sonja (Orc:2)
  3 wretched stars
  6 skysharks
  A fire crab (Lair:5)
  2 pharaoh ants
  2 glowing orange brains
  A glowing orange brain (shapeshifter) (D:15)
  6 sea snakes
  3 orb spiders
  An arcanist (D:12)
  A thermic dynamo (D:12)
  A sun moth (Spider:1)
  Pikel (D:8)
  12 harpies
  6 steelbarb worms
  5 deep elf pyromancers
  4 orc knights
  5 lindwurms
  20 wolf spiders
  10 fauns
  5 orc sorcerers (Orc:2)
  4 oklob plants
  5 manticores
  15 ugly things
  Maurice (D:9)
  A worldbinder (Abyss:2)
  8 cyclopes
  7 merfolk sirens
  9 meliai
  18 elephants
  3 moths of wrath (Spider:4)
  6 kobold blastminers
  A smoke demon (Abyss:2)
  A rust devil (Abyss:2)
  3 water nymphs
  4 gargoyles
  5 torpor snails
  3 black mambas
  19 cane toads
  3 unseen horrors (D:12)
  A molten gargoyle (Volcano)
  2 large abominations (Abyss:2)
  An unseen horror (shapeshifter) (D:14)
  3 kobold demonologists
  3 efreet
  11 komodo dragons
  A yaktaur (D:12)
  A freezing wraith (D:14)
  Psyche (D:8)
  2 tengu conjurers (D:15)
  7 merfolk
  10 trolls
  A polar bear (shapeshifter) (Spider:4)
  10 polar bears
  A queen bee (D:12)
  2 wind drakes (Shoals:2)
  22 tarantellas
  A wolf spider simulacrum (D:14)
  3 hornets
  4 raiju (Abyss:2)
  8 slime creatures
  4 dream sheep (Shoals:2)
  Sigmund (D:2)
  4 snapping turtles (Shoals:1)
  4 centaur simulacra
  27 jumping spiders
  14 culicivoras
  3 shadows
  A ynoxinul (Abyss:2)
  A spriggan (Lair:3)
  4 vampires
  A yak (shapeshifter) (D:13)
  A wyvern (D:10)
  70 yaks
  8 water elementals
  A wyvern (shapeshifter) (D:14)
  2 wraiths
  2 fire elementals
  2 fire bats (Volcano)
  5 basilisks
  3 hogs (Lair:4)
  6 vampire mosquitoes (D:13)
  2 neqoxecs
  2 wargs (Orc:2)
  A chaos spawn (Abyss:2)
  50 redbacks
  2 steam dragons
  8 hell hounds
  10 water moccasins
  24 orc warriors
  5 ice beasts
  A sky beast (shapeshifter) (Abyss:2)
  3 black bears
  A sky beast (D:7)
  10 ogres
  5 wolves
  15 centaurs
  A centaur (shapeshifter) (D:14)
  4 kobold brigands
  8 bullfrogs
  A brain worm (Abyss:2)
  8 gnoll sergeants
  A naga simulacrum (Abyss:2)
  3 small abominations (Abyss:2)
  A deep troll simulacrum (Abyss:2)
  2 earth elementals (Volcano)
  5 scorpions
  42 killer bees
  5 electric eels
  9 howler monkeys
  2 bombardier beetles (D:5)
  5 lava snakes (Volcano)
  3 bullfrog zombies (Ossuary)
  A quasit (Abyss:2)
  3 hounds
  10 orc priests
  8 jellies
  3 gnoll boudas
  An iron imp (Abyss:1)
  9 mummies (Ossuary)
  2 iguanas
  19 orc wizards
  4 crocodile zombies (Ossuary)
  A hound zombie (Ossuary)
  4 howler monkey zombies (Ossuary)
  12 gnolls
  3 adders (D:5)
  A shadow imp (Abyss:2)
  12 white imps
  6 ufetubi
  2 dart slugs
  5 ribbon worms
  44 orcs
  5 endoplasms
  6 giant cockroaches
  12 goblins
  15 hobgoblins
  5 quokkas
  3 ball pythons (D:2)
  3 ball python zombies (Ossuary)
  5 bats (D:2)
  2 frilled lizards
  22 kobolds
  5 rats
  A butterfly (Lair:1)
  2 fulminant prisms
  A starspawn tentacle (Abyss:2)
1053 creatures vanquished.

Vanquished Creatures (others)
  A small abomination (Abyss:2)
  129 fulminant prisms
  2 starspawn tentacles (Abyss:2)
132 creatures vanquished.

Grand Total: 1185 creatures vanquished

Notes
Turn   | Place    | Note
-------+----------+-------------------------------------------
     0 | D:1      | pokedragonboy the Gargoyle Earth Elementalist began the
                  | quest for the Orb.
     0 | D:1      | Reached XP level 1. HP: 10/10 MP: 3/3
   123 | D:1      | Reached skill level 4 in Earth Magic
   125 | D:1      | Reached XP level 2. HP: 15/15 MP: 0/5
   430 | D:1      | Found a stormy altar of Qazlal.
   567 | D:1      | Found a faded altar of an unknown god.
   750 | D:2      | Reached XP level 3. HP: 19/19 MP: 1/6
   754 | D:2      | Learned a level 3 spell: Passwall
  1029 | D:2      | Noticed Sigmund
  1032 | D:2      | Killed Sigmund
  1033 | D:2      | Reached skill level 6 in Earth Magic
  1033 | D:2      | Reached XP level 4. HP: 24/24 MP: 3/8
  1033 | D:2      | Reached XP level 5. HP: 28/28 MP: 3/9
  1041 | D:2      | Learned a level 3 spell: Stone Arrow
  1948 | D:3      | Found a shadowy altar of Dithmenos.
  1987 | D:3      | Found an ancient bone altar of Kikubaaqudgha.
  2294 | D:4      | Noticed an ogre
  2382 | D:4      | Reached XP level 6. HP: 32/32 MP: 8/11
  2409 | D:5      | Entered Level 5 of the Dungeon
  2600 | D:5      | Noticed an ice beast
  2604 | D:5      | Killed an ice beast
  2605 | D:5      | Reached skill level 7 in Earth Magic
  2668 | D:5      | Reached XP level 7. HP: 36/36 MP: 1/12
  2771 | D:5      | Found a staircase to the Ecumenical Temple.
  2782 | Temple   | Entered the Ecumenical Temple
  2797 | Temple   | Became a worshipper of Vehumet
  2905 | D:5      | Found a sand-covered staircase.
  2915 | Ossuary  | Entered an ossuary
  3268 | Ossuary  | Reached skill level 5 in Conjurations
  3268 | Ossuary  | Reached XP level 8. HP: 41/41 MP: 3/14
  3407 | Ossuary  | Reached skill level 8 in Earth Magic
  3637 | Ossuary  | Learned a level 4 spell: Brom's Barrelling Boulder
  3813 | Ossuary  | Reached * piety under Vehumet
  3813 | Ossuary  | Offered knowledge of Freeze by Vehumet.
  3814 | Ossuary  | Reached skill level 5 in Spellcasting
  4206 | D:5      | Found an opulent altar of Gozag.
  4685 | D:6      | Found Jos Weugea's Antique Armour Boutique.
  4955 | D:6      | Noticed a troll
  4958 | D:6      | Found a bloodstained altar of Trog.
  5043 | D:6      | Reached skill level 9 in Earth Magic
  5138 | D:6      | Killed a troll
  5139 | D:6      | Reached XP level 9. HP: 45/45 MP: 0/18
  6543 | D:6      | Found a runed translucent gate.
  6543 | D:6      | Found a runed translucent gate.
  6545 | D:6      | Found a runed translucent gate.
  6545 | D:6      | Noticed Vadun's ghost (novice TeGl)
  6572 | D:6      | Reached skill level 10 in Earth Magic
  6582 | D:6      | Learned a level 4 spell: Petrify
  7839 | D:8      | Reached ** piety under Vehumet
  7839 | D:8      | Offered knowledge of Sting by Vehumet.
  7841 | D:8      | Reached XP level 10. HP: 35/50 MP: 12/21
  7922 | D:8      | Noticed Pikel
  7927 | D:8      | Killed Pikel
  7928 | D:8      | Reached skill level 11 in Earth Magic
  8092 | D:8      | Noticed a two-headed ogre
  8107 | D:8      | Killed a two-headed ogre
  8221 | D:8      | Noticed Psyche
  8225 | D:8      | Killed Psyche
  8534 | D:8      | Reached skill level 12 in Earth Magic
  8628 | D:8      | Found a runed translucent gate.
  8628 | D:8      | Found a runed translucent gate.
  8628 | D:8      | Found a runed translucent gate.
  8628 | D:8      | Noticed Fractals's ghost (novice MDMo)
  9068 | D:9      | Noticed Maurice
  9075 | D:9      | Killed Maurice
  9076 | D:9      | Reached skill level 10 in Conjurations
  9145 | D:9      | Offered knowledge of Searing Ray by Vehumet.
  9273 | D:9      | Learned a level 4 spell: Fulminant Prism
  9348 | D:9      | Reached XP level 11. HP: 54/54 MP: 10/23
  9684 | D:9      | Reached *** piety under Vehumet
  9996 | D:9      | Noticed a two-headed ogre
 10008 | D:9      | Killed a two-headed ogre
 10145 | D:9      | Found a shimmering blue altar of Sif Muna.
 10233 | D:9      | Found a glowing silver altar of Zin.
 10347 | D:9      | Got the Excursus on Conduction and Rot
 10421 | D:9      | Noticed a soul eater
 10581 | D:10     | Entered Level 10 of the Dungeon
 10661 | D:10     | Reached skill level 13 in Earth Magic
 10797 | D:10     | Found a flagged portal.
 10810 | Bailey   | Entered a bailey
 10844 | Bailey   | Noticed an orc warlord
 10876 | Bailey   | Offered knowledge of Inner Flame by Vehumet.
 10876 | Bailey   | Noticed an orc knight
 10900 | Bailey   | Killed an orc knight
 10957 | Bailey   | Found a runed translucent gate.
 10958 | Bailey   | Found a runed translucent gate.
 10961 | Bailey   | Found a runed translucent gate.
 11240 | Bailey   | Killed an orc warlord
 11282 | Bailey   | Identified the amulet of the Muttering Gods {Acrobat *Slow
                  | rPois Int+9 Slay+3}
 11590 | D:10     | Noticed a two-headed ogre
 11630 | D:10     | Reached skill level 10 in Spellcasting
 12163 | D:10     | Killed a two-headed ogre
 12709 | D:11     | Reached XP level 12. HP: 59/59 MP: 23/26
 12873 | D:11     | Found a staircase to the Lair.
 12883 | D:11     | Reached skill level 1 in Alchemy
 12968 | D:11     | Found a radiant altar of Vehumet.
 12973 | D:11     | Noticed a two-headed ogre
 12980 | D:11     | Killed a two-headed ogre
 12986 | D:11     | Reached skill level 14 in Earth Magic
 13118 | D:11     | You fall into a shaft and drop 2 floors!
 13163 | D:13     | Found a portal to a secret trove of treasure.
 13303 | D:13     | Found a gate to the Vaults.
 13406 | D:13     | Noticed a two-headed ogre
 13408 | D:13     | Noticed a two-headed ogre
 13408 | D:13     | Noticed an ironbound preserver
 13573 | D:13     | Noticed a boulder beetle
 13599 | D:13     | Killed a boulder beetle
 14018 | D:12     | Reached **** piety under Vehumet
 14184 | D:11     | Reached skill level 5 in Alchemy
 14184 | D:11     | Reached XP level 13. HP: 68/68 MP: 26/28
 14290 | D:11     | Found a staircase to the Orcish Mines.
 14582 | D:11     | Identified a scroll of acquirement
 14582 | D:11     | Acquired the ring "Ycea" {rC+ rN++ rCorr Int-2 Stlth+}
 14716 | Lair:1   | Entered Level 1 of the Lair of Beasts
 14824 | Lair:1   | Offered knowledge of Mephitic Cloud by Vehumet.
 14832 | Lair:1   | Reached skill level 15 in Earth Magic
 15922 | Lair:2   | You fall into a shaft and drop 1 floor!
 16042 | Lair:3   | Gained mutation: Your large and strong wings let you fly.
                  | [Gargoyle growth]
 16042 | Lair:3   | Reached XP level 14. HP: 59/76 MP: 13/29
 16344 | Lair:3   | Reached skill level 5 in Fighting
 16494 | Lair:2   | Reached ***** piety under Vehumet
 16871 | Lair:2   | Offered knowledge of Yara's Violent Unravelling by Vehumet.
 16881 | Lair:2   | Found a hole to the Spider Nest.
 17266 | Lair:2   | Found a staircase to the Shoals.
 17292 | Lair:2   | Identified the +1 helmet of the Slorg {rF+ Dex+3}
 17830 | Lair:3   | Learned a level 4 spell: Iskenderun's Mystic Blast
 18711 | Lair:4   | Noticed Kirke
 18749 | Lair:4   | Found a staircase to the Slime Pits.
 18837 | Lair:4   | Reached skill level 16 in Earth Magic
 19276 | Lair:4   | Killed Kirke
 19521 | Lair:4   | Found a shimmering altar of Xom.
 20241 | Lair:5   | Entered Level 5 of the Lair of Beasts
 20477 | Lair:5   | Reached XP level 15. HP: 81/88 MP: 7/31
 21131 | Lair:5   | Reached skill level 1 in Staves
 21138 | Lair:5   | Reached skill level 17 in Earth Magic
 21144 | Lair:5   | Reached skill level 15 in Conjurations
 22100 | Lair:5   | Offered knowledge of Plasma Beam by Vehumet.
 22438 | Lair:5   | Found the +10 morningstar "Eos" {elec, Halo rElec}
 22582 | D:12     | Noticed Frances
 22603 | D:12     | Killed Frances
 22694 | D:12     | Learned a level 8 spell: Lehudib's Crystal Spear
 23576 | D:12     | Reached skill level 5 in Staves
 24035 | D:12     | Reached XP level 16. HP: 93/93 MP: 33/33
 24587 | D:13     | Reached skill level 18 in Earth Magic
 24885 | D:14     | Offered knowledge of Orb of Destruction by Vehumet.
 24914 | D:13     | Learned a level 7 spell: Orb of Destruction
 25906 | D:14     | Reached ****** piety under Vehumet
 26378 | D:15     | Entered Level 15 of the Dungeon
 26748 | D:15     | Found a staircase to the Depths.
 26919 | D:15     | Noticed Azrael
 26936 | D:15     | Killed Azrael
 27069 | D:15     | Reached skill level 19 in Earth Magic
 28080 | Orc:1    | Entered Level 1 of the Orcish Mines
 28239 | Orc:1    | Found a dark tunnel.
 28257 | Volcano  | Entered a volcano
 28674 | Volcano  | Found a bloodstained altar of Trog.
 28871 | Volcano  | Reached XP level 17. HP: 97/97 MP: 35/35
 29231 | Orc:2    | Entered Level 2 of the Orcish Mines
 29234 | Orc:2    | Noticed Erolcha
 29238 | Abyss:1  | Cast into level 1 of the Abyss (Erolcha)
 29275 | Abyss:1  | Offered knowledge of Irradiate by Vehumet.
 29523 | Abyss:2  | Noticed a bone dragon
 29573 | Abyss:2  | Noticed a tentacled starspawn
 29582 | Abyss:2  | Killed a tentacled starspawn
 29583 | Abyss:2  | Reached skill level 15 in Spellcasting
 29699 | Abyss:2  | Reached XP level 18. HP: 71/92 MP: 27/33
 29850 | Abyss:2  | Gained mutation: You sometimes lose your temper in combat.
                  | [a neqoxec]
 30016 | Orc:2    | Escaped the Abyss
 30147 | Orc:2    | Found Himmytayf's Book Boutique.
 30173 | Orc:2    | Bought a book of Iron for 416 gold pieces
 30179 | Orc:2    | Learned a level 5 spell: Lee's Rapid Deconstruction
 30225 | Orc:2    | Found a staircase to the Elven Halls.
 30306 | Orc:2    | Noticed Sonja
 30309 | Orc:2    | Killed Sonja
 30442 | Orc:2    | Offered knowledge of Bombard by Vehumet.
 30449 | Orc:2    | Found Nourphis's Antique Weapon Shoppe.
 30621 | Orc:2    | Reached skill level 20 in Earth Magic
 30636 | Orc:2    | Found Qehepiu's General Store.
 30645 | Orc:2    | Killed Erolcha
 30877 | Orc:2    | Found Uwetz's Antique Armour Shop.
 31576 | Orc:2    | Learned a level 6 spell: Bombard
 31758 | Orc:2    | Bought the Atlas of the Mesa for 572 gold pieces
 31888 | Spider:1 | Entered Level 1 of the Spider Nest
 32248 | Spider:1 | Identified the +0 robe of the Majestic God {Harm Will-
                  | Str+5}
 33947 | Spider:2 | Offered knowledge of Eringya's Noxious Bog by Vehumet.
 36708 | Spider:4 | Entered Level 4 of the Spider Nest
 36711 | Spider:4 | Reached XP level 19. HP: 107/107 MP: 28/38
 36853 | Spider:4 | HP: 5/107 [demonic crawler (7)]
 37226 | Spider:4 | Reached skill level 21 in Earth Magic
 37623 | Spider:4 | Offered knowledge of Ozocubu's Refrigeration by Vehumet.
 38070 | Spider:4 | Identified the serpent talisman "Ahaggimoa" {rElec}
 38070 | Spider:4 | Noticed Aizul
 38259 | Spider:4 | Killed Aizul
 39711 | Spider:4 | Got a gossamer rune of Zot
 39926 | Shoals:1 | Entered Level 1 of the Shoals
 40115 | Shoals:1 | Found Bigh's Antique Weapon Boutique.
 40649 | Shoals:1 | Found a white marble altar of Elyvilon.
 41319 | Shoals:2 | Noticed Mlioglotl
 41326 | Shoals:2 | Killed Mlioglotl
 42825 | Shoals:3 | Reached skill level 22 in Earth Magic
 42830 | Shoals:3 | Slain by a merfolk

Illustrated notes

Levels and vault maps discovered:
D:1:      sevenhm_arrival_forest_fort_small_6, layout_rooms,
          hellmonk_ecumenical_altar_inner_sanctum
D:2:      layout_basic, hex_medium, nicolae_figureground_sparkle, uniq_sigmund
D:3:      layout_basic, marbit_many_paths, mainiacjoe_overflow_catwalk
D:4:      layout_rooms, slow_altar_1, serial_shops, nicolae_shop_trees, shop,
          uniq_grinder
D:5:      layout_basic, grunt_gozag_breadcrumbs, minmay_temple_entry_slanted,
          mainiacjoe_ossuary_entry_dusty_tomb, palyth_stone_intersect
D:6:      layout_layer_cave, mainiacjoe_overflow_concentric_impassable,
          gammafunk_ghost_nasty_kobolds, serial_shops, nicolae_shop_tiny_glass,
          pf_guarded_unrand_woodcutter
D:7:      layout_cave_pools, roderic_three_in_a_row
D:8:      layout_rooms, gammafunk_ghost_spectres, uniq_psyche, uniq_pikel
D:9:      layout_irregular_city, zin_statuary, mainiacjoe_overflow_alcove_2,
          serial_library_regret_index_headful, uniq_maurice
D:10:     layout_small_grid, enter_bailey_3, nicolae_kite_square_tiling_tiny,
          nrook_campfire
D:11:     layout_loops_ring, dpeg_oklobed_lair, orc_0_dummy,
          nicolae_vehumet_altar_sigil
D:12:     regret_index_bee_streams, layout_loops_ring, serial_glass,
          glass_columns_a, glass_columns_a, glass_columns_c, glass_columns_b,
          glass_columns_b, uniq_frances
D:13:     layout_basic, hellmonk_vaults_order_and_chaos,
          nicolae_trove_entry_crossroad
D:14:     minmay_opposing_rooms, layout_irregular_city, serial_ice,
          serial_ice_j, serial_ice_m, serial_ice_d, serial_ice_h, serial_ice_f,
          serial_ice_c, serial_ice_o, serial_ice_b, serial_ice_n, serial_ice_a
D:15:     gammafunk_enter_depths_forms, layout_loops_ring, roderic_lattice_a,
          uniq_azrael
Temple:   eino_wide_crystal_templ
Lair:1:   layout_small_grid, lemuel_fruit_fields, serial_bayou_shore_b
Lair:2:   layout_gridlike, elwin_shoals_entry_rocks,
          nicolae_spider_entry_non_spiders, serial_forest,
          infiniplex_forest_straight_1, infiniplex_forest_clump_double,
          infiniplex_forest_diagonal, infiniplex_forest_clump_cross,
          infiniplex_forest_clump_double, infiniplex_forest_clump_small,
          infiniplex_forest_clump_tiny, infiniplex_forest_join,
          chequers_serial_rivers_micro_a, forest_entry_grove
Lair:3:   layout_cave_pods, beast_lair_carwin_3, lemuel_fruit_fields,
          serial_bayou_shore_a, infiniplex_staircase_pool_2, lemuel_fruit_tree
Lair:4:   beast_lair_carwin_large_1, layout_loops_ring,
          nicolae_slime_entry_slimehenge, basic_altar, serial_bayou_pond_c,
          minmay_lindwurm_lava, uniq_kirke
Lair:5:   evilmike_catoblepas_cave, layout_loops_ring,
          hangedman_lair_generics_rect
Shoals:1: layout_shoals, serial_shops, nicolae_shop_stone, lemuel_oklob_altar
Shoals:2: layout_shoals, uniq_mlioglotl
Shoals:3: layout_shoals
Spider:1: layout_chambers, hangedman_spider_tarantella_strand
Spider:2: layout_spider_delve
Spider:3: layout_spider_delve, nicolae_spider_paper_wasps
Spider:4: grunt_spider_rune_circles, hellmonk_deceptive_appearances, uniq_aizul
Orc:1:    layout_diamond_mine, nicolae_volcano_entry_two_sided
Orc:2:    grunt_orc_gardens, layout_caves, grunt_orc_garden, grunt_orc_garden,
          grunt_orc_garden, grunt_orc_garden, uniq_erolcha, uniq_sonja

Skill      XL: |  1  2  3  4  5  6  7  8  9 10 11 12 13 14 15 16 17 18 19 |
---------------+----------------------------------------------------------+-----
Earth Magic    | 4 6 7 9 10 12 13 14 15 16 17 19 20 22 | 22.0
Spellcasting   | 3 4 6 7 8 10 11 12 13 14 15 16 | 16.9
Conjurations   | 3 5 6 8 10 11 12 13 14 15 17 18 19 | 19.6
Alchemy        | 5 6 9 |  9.0
Fighting       | 3 4 8 |  8.0
Staves         | 5 |  5.0
Dodging        | |  1.5
Stealth        | |  2.1
Unarmed Combat | |  0.3

Action                     |  1- 3 |  4- 6 |  7- 9 | 10-12 | 13-15 | 16-18 | 19-21 || total
---------------------------+-------+-------+-------+-------+-------+-------+-------++-------
  Melee: Unarmed           |     5 |       |       |       |     3 |       |       ||     8
         Short sword       |     5 |    24 |    49 |       |       |       |       ||    78
         Battleaxe         |       |       |     4 |    22 |    13 |       |       ||    39
         Staff             |       |       |       |       |    34 |    78 |    29 ||   141
         Morningstar       |       |       |       |       |       |    29 |    37 ||    66
   Cast: Sandblast         |    32 |    42 |    78 |    54 |   120 |   137 |    79 ||   542
         Stone Arrow       |       |     3 |    86 |   176 |   246 |   192 |       ||   703
         Passwall          |       |     1 |       |       |       |     2 |     2 ||     5
         Brom's Barrelling |       |       |    10 |    30 |    26 |     5 |       ||    71
         Petrify           |       |       |       |     7 |       |     5 |     2 ||    14
         Fulminant Prism   |       |       |       |    17 |    51 |    39 |    25 ||   132
         Iskenderun's Myst |       |       |       |       |   108 |   150 |    27 ||   285
         Orb of Destructio |       |       |       |       |       |    49 |    24 ||    73
         Bombard           |       |       |       |       |       |    96 |   114 ||   210
         Lee's Rapid Decon |       |       |       |       |       |    30 |     8 ||    38
         Lehudib's Crystal |       |       |       |       |       |    10 |    14 ||    24
    Use: Scroll            |       |       |    17 |     8 |    11 |     5 |     2 ||    43
         Potion            |       |       |     1 |     7 |     7 |     8 |     5 ||    28
   Stab: Sleeping          |       |     1 |       |       |     1 |       |       ||     2
 Armour: Robe              |     8 |    24 |    49 |       |       |       |       ||    81
         Steam dragon scal |       |       |    32 |   127 |   273 |   521 |   325 ||  1278
         Skin              |       |       |       |       |     1 |       |       ||     1
  Dodge: Dodged            |     8 |    17 |    56 |   127 |   163 |   312 |   214 ||   897

Table legend: (Time is in decaauts)
 A = Elapsed time spent in this place.
 B = Non-inter-level travel time spent in this place.
 C = Inter-level travel time spent in this place.
 D = Time resting spent in this place.
 E = Time spent auto-exploring this place.
 F = Levels seen in this place.
 G = Mean time per level.
                   A        B        C        D        E       F      G
               +--------+--------+--------+--------+--------+-----+--------+
         Total |  43215 |  41166 |   2049 |  10496 |  22696 |  35 | 1234.7 |
       Dungeon |  18767 |  17831 |    936 |   3768 |  10680 |  15 | 1251.1 |
        Temple |     30 |      2 |     28 |      0 |      0 |   1 |   30.0 |
          Lair |   8170 |   7552 |    618 |   1995 |   4250 |   5 | 1634.0 |
        Shoals |   2806 |   2723 |     83 |    185 |   2162 |   3 |  935.3 |
   Spider Nest |   8025 |   7811 |    214 |   3318 |   3340 |   4 | 2006.2 |
  Orcish Mines |   2265 |   2097 |    168 |    459 |   1155 |   2 | 1132.5 |
         Abyss |    793 |    793 |      0 |    321 |    190 |   2 |  396.5 |
       Ossuary |   1120 |   1120 |      0 |    242 |    634 |   1 | 1120.0 |
        Bailey |    547 |    547 |      0 |     26 |    109 |   1 |  547.0 |
       Volcano |    687 |    687 |      0 |    180 |    175 |   1 |  687.0 |
               +--------+--------+--------+--------+--------+-----+--------+

Top non-repeatable levels by time:
Spider:4: 2583 daAuts
     D:6: 2342 daAuts
  Lair:5: 2076 daAuts
Spider:1: 2045 daAuts
    D:13: 1905 daAuts
     D:9: 1784 daAuts
    D:12: 1742 daAuts
  Lair:4: 1720 daAuts
Spider:2: 1699 daAuts
Spider:3: 1696 daAuts
Shoals:1: 1526 daAuts
    D:15: 1513 daAuts
  Lair:3: 1512 daAuts
  Lair:2: 1488 daAuts
   Orc:2: 1410 daAuts
